 Dungeon Crawl Stone Soup version 0.23.2-33-g5129a83 (webtiles) character file.

Game seed: 5644752330003644944

25 DinnerBoy7 the Firebug (level 3, -2/30 HPs)
             Began as a Naga Fire Elementalist on July 29, 2019.
             Slain by a goblin
             ... wielding a +0 club
             ... led by Robin
              (3 damage)
             ... on level 2 of the Dungeon.
             The game lasted 00:04:04 (996 turns).

DinnerBoy7 the Firebug (Naga Fire Elementalist)      Turns: 996, Time: 00:04:05

Health: -2/30      AC:  3    Str: 10    XL:     3   Next: 4%
Magic:  3/6        EV: 10    Int: 16    God:
Gold:   37         SH:  0    Dex: 11    Spells: 5/6 levels left

rFire    . . .     SeeInvis +   d - +0 dagger
rCold    . . .     Gourm    .   (no shield)
rNeg     . . .     Faith    .   a - +0 robe
rPois    +         Spirit   .   o - +0 helmet
rElec    .         Reflect  .   (no cloak)
rCorr    .         Harm     .   (no gloves)
MR       .....                  (no barding)
Stlth    ++........             (no amulet)
HPRegen  0.10/turn              (no ring)
MPRegen  0.10/turn              (no ring)

@: very slow
A: large, see invisible, deformed body, poison resistance, slowness 2, slow
metabolism 1, spit poison 1, AC +1
a: Spit Poison


You were on level 2 of the Dungeon.
You were not hungry.

You visited 1 branch of the dungeon, and saw 2 of its levels.

You collected 37 gold pieces.

Inventory:

Hand Weapons
 d - a +0 dagger (weapon)
 h - a +0 dagger
Armour
 a - a +0 robe (worn)
 e - a +0 helmet
 o - a +0 helmet (worn)
 s - a +0 leather armour
Scrolls
 b - a scroll of blinking {unknown}
 f - 2 scrolls of remove curse {unknown}
 g - 5 scrolls of identify {unknown}
 i - a scroll of immolation {unknown}
 j - a scroll of amnesia {unknown}
 k - a scroll of fog {unknown}
 n - a scroll of random uselessness {unknown}
Potions
 l - a potion of curing {unknown}
 m - a potion of brilliance {unknown}
 p - a potion of heal wounds {unknown}
Comestibles
 c - 2 rations
 q - 4 chunks of flesh


   Skills:
 + Level 0.5 Fighting
 + Level 1.9 Dodging
 - Level 3.0 Stealth
 + Level 2.3 Spellcasting
 + Level 1.3 Conjurations
 + Level 3.3 Fire Magic


You had 5 spell levels left.
You knew the following spells:

 Your Spells              Type           Power        Failure   Level  Hunger
a - Flame Tongue          Conj/Fire      #....        8%          1    #......

Your spell library contained the following spells:

 Spells                   Type           Power        Failure   Level  Hunger
 Throw Flame              Conj/Fire      #.....       12%         2    ###....
 Conjure Flame            Conj/Fire      #.......     24%         3    ###....
 Inner Flame              Hex/Fire       #.......     30%         3    ###....
 Sticky Flame             Conj/Fire      #.......     61%         4    #####..
 Fireball                 Conj/Fire      #.........   91%         5    ######.


Dungeon Overview and Level Annotations

Branches:
Dungeon (2/15)

Altars:
Okawaru

Annotations:
D:2 Robin


Innate Abilities, Weirdness & Mutations

You cannot wear boots.
Your serpentine skin is tough. (AC +1)
You have supernaturally acute eyesight. (SInv)
Armour fits poorly on your strangely shaped body.
Your system is resistant to poisons. (rPois)
You cover ground very slowly.
You have a slow metabolism.
You can spit poison.


Message History

A goblin comes into view.
The hobgoblin hits you but does no damage.
The hobgoblin shouts!
You hit the hobgoblin.
The hobgoblin is moderately wounded.
The goblin hits you with a +0 club. The hobgoblin hits you with a +0 club.
Robin roars a battlecry!
The goblins go into a battle-frenzy!
The goblin closely misses you.
The hobgoblin hits you but does no damage.
Robin's bangles clink loudly.
Robin throws the goblin at you! The goblin hits you with a +0 club.
* * * LOW HITPOINT WARNING * * *
You hit the goblin.
The goblin is moderately wounded.
The goblin hits you with a +0 club!
* * * LOW HITPOINT WARNING * * *
The hobgoblin closely misses you. The goblin hits you with a +0 club.
You die...

#.......# #.......#
#.......# ####### #
##....)..#########.....#.#
...................g..)..#
.........######..##.)†##.##
##.......# #gg#g....#..#
#.......# #.g..._.....#
#.......######g@#.....#..#
#...............##...##.##
#.......................#
.#.#####..............#.# .
.................#### #
####............#
#............#
#............#
#............#


You could see Robin, 2 hobgoblins and 3 goblins.

Vanquished Creatures
  A worm (D:2)
  4 giant cockroaches
  5 hobgoblins
  2 bats (D:1)
  4 goblins
  2 kobolds
  A rat (D:1)
19 creatures vanquished.

Notes
Turn   | Place    | Note
-------+----------+-------------------------------------------
     0 | D:1      | DinnerBoy7 the Naga Fire Elementalist began the quest for
                  | the Orb.
     0 | D:1      | Reached XP level 1. HP: 15/15 MP: 3/3
   299 | D:1      | Reached XP level 2. HP: 18/22 MP: 5/5
   947 | D:2      | Found an iron altar of Okawaru.
   983 | D:2      | Noticed Robin
   984 | D:2      | Reached XP level 3. HP: 30/30 MP: 4/6
   995 | D:2      | HP: 1/30 [goblin/+0 club[Robin] (7)]
   996 | D:2      | Slain by a goblin

Action                   || total
-------------------------++-------
Melee: Dagger            ||    15
Throw: Throwing net      ||     1
 Cast: Flame Tongue      ||    19
 Abil: Spit Poison       ||    10
Armor: Robe              ||    11
Dodge: Dodged            ||    21
